 Dungeon Crawl Stone Soup version 0.25.1-2-g60ff931df9 (webtiles) character file.

Game seed: 12520604431186525932

2846 Eitelfritz the Carver (level 9, -12/78 HPs)
             Began as a Hill Orc Fighter on Sept 17, 2020.
             Was a Believer of Zin.
             Engulfed by Maggie's freezing vapour (15 damage)
             ... on level 8 of the Dungeon.
             The game lasted 00:21:38 (6746 turns).

Eitelfritz the Carver (Hill Orc Fighter)            Turns: 6746, Time: 00:21:38

Health: -12/78     AC: 21    Str: 20    XL:     9   Next: 74%
Magic:  13/13      EV:  5    Int: 10    God:    Zin [**....]
Gold:   375        SH: 10    Dex: 10    Spells: 8/8 levels left

rFire    . . .     SeeInvis .   a - +1 long sword
rCold    . . .     Gourm    .   c - +0 kite shield
rNeg     . . .     Faith    .   E - +0 plate armour
rPois    .         Spirit   .   e - +2 helmet
rElec    .         Reflect  .   s - scarf {repulsion}
rCorr    .         Harm     .   (no gloves)
MR       +....                  t - +0 pair of boots
Stlth    ..........             D - amulet of regeneration
HPRegen  0.63/turn              G - ring of protection from magic
MPRegen  0.13/turn              k - +4 ring of protection

@: mighty, repel missiles
A: no striking features
a: Recite, Vitalisation, Donate Gold, Renounce Religion


You were on level 8 of the Dungeon.
You worshipped Zin.
Zin was pleased with you.
You were not hungry.

You visited 2 branches of the dungeon, and saw 9 of its levels.

You collected 416 gold pieces.
You donated 41 gold pieces to Zin.

Inventory:

Hand Weapons
 a - a +1 long sword (weapon)
 I - a +1 flail of holy wrath
Missiles
 g - 246 stones (quivered)
 r - 8 boomerangs
Armour
 c - a +0 kite shield (worn)
 e - a +2 helmet (worn)
 s - a scarf of repulsion (worn)
 t - a +0 pair of boots (worn)
 B - a +0 cloak
 E - a +0 plate armour (worn)
Jewellery
 j - an uncursed ring of see invisible
 k - a +4 ring of protection (right hand)
 l - a +6 ring of strength
 p - an uncursed ring of fire
 v - an uncursed ring of magical power
 y - an uncursed ring of stealth
 D - an amulet of regeneration (around neck)
 G - a ring of protection from magic (left hand)
Scrolls
 b - a scroll of blinking
 h - 7 scrolls of remove curse
 i - a scroll of enchant armour
 o - 4 scrolls of fear
 x - 2 scrolls of identify
 z - 4 scrolls of teleportation
 A - 4 scrolls of amnesia
Potions
 m - 2 potions of stabbing
 n - a potion of cancellation
 q - 3 potions of curing
 u - 2 potions of brilliance
 w - 2 potions of berserk rage
 C - 3 potions of magic {unknown}
 F - a potion of mutation {unknown}
Comestibles
 f - 10 rations
 H - 6 chunks of flesh


   Skills:
 + Level 6.7 Fighting
 + Level 9.3 Long Blades
 + Level 6.1 Armour
 + Level 2.1 Dodging
 + Level 0.7 Stealth
 + Level 6.4 Shields
 * Level 6.0 Invocations


You had 8 spell levels left.
You didn't know any spells.
Your spell library was empty.

Dungeon Overview and Level Annotations

Branches:
Dungeon (8/15)             Temple (1/1) D:7
   Lair: D:8-11

Altars:
Ashenzari
Cheibriados
Dithmenos
Elyvilon
Gozag
Hepliaklqana
Kikubaaqudgha
Makhleb
Nemelex Xobeh
Okawaru
Qazlal
Ru
Sif Muna
Trog
Uskayaw
Vehumet
Wu Jian
Yredelemnul
Zin
The Shining One

Portals:
Bailey: D:8

Annotations:
D:8 Maggie


Message History

You are engulfed in freezing vapours.
Zin protects you from harm!
Maggie splashes around in the water.
The gnoll hits you but does no damage.
You hit Maggie.
Maggie is severely wounded.
You are engulfed in freezing vapours.
* * * LOW HITPOINT WARNING * * *
Maggie zaps a wand.
Maggie creates a blast of poison gas!
The gnoll hits you with a +0 halberd!
* * * LOW HITPOINT WARNING * * *
You slash Maggie!
Maggie is almost dead.
You are engulfed in freezing vapours.
* * * LOW HITPOINT WARNING * * *
The gnoll is no longer dazed.
Maggie hits you but does no damage.
Unknown command.
You slash Maggie!
Maggie is almost dead.
You are engulfed in freezing vapours.
You die...

.......##........#
........#.).(....#
.........)..(...#
.......#........#
.##........)..#
#..≈≈≈≈≈≈≈..#
#.)≈#####≈..#
#..@#)..#≈..#
#..§@☼∩.#≈..#
#..g#○§☼#≈..#
##.≈#####≈..# #.≈≈
≈≈.## #.... #####


You could see Maggie and a gnoll.

Vanquished Creatures
  Prince Ribbit (D:7)
  A hippogriff (D:8)
  Grinder (D:5)
  2 orc warriors
  2 sky beasts
  2 ice beasts
  2 ogres
  3 phantoms
  3 centaurs
  3 scorpions
  A howler monkey (D:8)
  A crimson imp (D:2)
  A bullfrog skeleton (D:5)
  6 orc wizards
  2 orc priests (D:6)
  2 hounds
  A jelly (D:6)
  3 iguanas
  7 worker ants
  A hound zombie (D:7)
  A hound skeleton (D:4)
  Robin (D:4)
  12 adders
  A gnoll (D:8)
  A shadow imp (D:7)
  An adder skeleton (D:4)
  An adder zombie (D:6)
  4 worms
  5 leopard geckos
  10 orcs
  9 bats
  3 giant cockroaches
  13 hobgoblins
  4 quokkas
  3 ball pythons
  3 frilled lizards
  16 goblins
  A jackal skeleton (D:4)
  7 kobolds
  2 quokka skeletons
  6 rats
149 creatures vanquished.

Vanquished Creatures (others)
  A gnoll (D:8)
  2 fungi (D:8)
3 creatures vanquished.

Grand Total: 152 creatures vanquished

Notes
Turn   | Place    | Note
-------+----------+-------------------------------------------
     0 | D:1      | Eitelfritz the Hill Orc Fighter began the quest for the
                  | Orb.
     0 | D:1      | Reached XP level 1. HP: 19/19 MP: 1/1
   138 | D:1      | Reached XP level 2. HP: 27/27 MP: 2/2
   913 | D:1      | Reached XP level 3. HP: 33/33 MP: 3/3
  1224 | D:2      | Reached XP level 4. HP: 25/40 MP: 4/4
  1487 | D:2      | Reached skill level 3 in Long Blades
  1487 | D:2      | Reached skill level 1 in Dodging
  1624 | D:2      | Found a radiant altar of Vehumet.
  1737 | D:2      | Reached XP level 5. HP: 12/46 MP: 5/5
  2028 | D:2      | Found a sacrificial altar of Ru.
  2562 | D:3      | Found a sparkling altar of Nemelex Xobeh.
  2966 | D:4      | Noticed Robin
  3043 | D:4      | Reached skill level 4 in Long Blades
  3064 | D:4      | Killed Robin
  3123 | D:4      | Reached XP level 6. HP: 53/53 MP: 6/6
  3314 | D:4      | Reached skill level 5 in Long Blades
  3322 | D:4      | Noticed a phantom
  3365 | D:4      | Killed a phantom
  3412 | D:4      | Reached XP level 7. HP: 25/60 MP: 7/7
  3788 | D:4      | Found an ornate altar of the Wu Jian Council.
  3918 | D:5      | Entered Level 5 of the Dungeon
  3939 | D:5      | Reached skill level 5 in Fighting
  4012 | D:5      | Reached skill level 6 in Long Blades
  4023 | D:5      | Found a basalt altar of Yredelemnul.
  4198 | D:5      | Found a white marble altar of Elyvilon.
  4265 | D:5      | Reached skill level 5 in Shields
  4353 | D:5      | Noticed Grinder
  4372 | D:5      | Killed Grinder
  4372 | D:5      | Reached skill level 5 in Armour
  4372 | D:5      | Reached XP level 8. HP: 68/68 MP: 8/8
  4759 | D:6      | Found a glowing silver altar of Zin.
  4759 | D:6      | Found an ancient bone altar of Kikubaaqudgha.
  4779 | D:6      | Became a worshipper of Zin the Law-Giver
  4779 | D:6      | Reached * piety under Zin
  4831 | D:6      | You fall into a shaft and drop 1 floor!
  4831 | D:7      | Found a shimmering blue altar of Sif Muna.
  4832 | D:7      | Noticed Prince Ribbit
  4870 | D:7      | Killed Prince Ribbit
  4870 | D:7      | Reached skill level 7 in Long Blades
  4870 | D:7      | Reached skill level 1 in Invocations
  4978 | D:7      | Found an opulent altar of Gozag.
  5029 | D:6      | Reached ** piety under Zin
  5142 | D:6      | Found a glowing golden altar of the Shining One.
  5578 | D:6      | Reached XP level 9. HP: 64/75 MP: 10/12
  5657 | D:6      | Reached skill level 8 in Long Blades
  6159 | D:7      | Reached skill level 5 in Invocations
  6289 | D:7      | Found a hide-covered altar of Uskayaw.
  6357 | D:7      | Found a staircase to the Ecumenical Temple.
  6449 | Temple   | Entered the Ecumenical Temple
  6620 | D:8      | Reached skill level 9 in Long Blades
  6699 | D:8      | Found a flagged portal.
  6716 | D:8      | Noticed Maggie
  6743 | D:8      | Zin protects you from harm!
  6745 | D:8      | HP: 2/78 [Maggie] (6)]
  6746 | D:8      | Engulfed by Maggie's freezing vapour

Illustrated notes

Levels and vault maps discovered:
D:1:      ncdulo_halloftheorcs, layout_loops_ring
D:2:      layout_rooms, hangedman_ru_absence, fiery_altar_vehumet
D:3:      layout_loops_cross, nemelex_xobeh_ov_fountains_minmay, first_ration
D:4:      layout_rooms, kennysheep_mini_moat, minmay_crossroads, uniq_robin
D:5:      layout_basic, lemuel_doored_altar, serial_glass, glass_columns_a,
          glass_columns_c, item_on_display_a, minmay_strange_pillars,
          feat_on_display, minmay_strange_pillars, minmay_misc_feat_cross,
          elyvilon_altar_3, uniq_grinder
D:6:      layout_loops_ring, nicolae_tso_swordbearing_angel,
          gammafunk_temple_overflow_wave, bh_walls_and_bars
D:7:      layout_rooms, lemuel_crystal_altar, old_standard_altar,
          overflow_temple_1_default, minmay_temple_entry_statues_pillars,
          uniq_prince_ribbit1
D:8:      layout_loops_ring, grunt_lair_entry_orc_guard_hut, enter_bailey_3,
          the_bakery, uniq_psyche, uniq_maggie
Temple:   kb_temple_of_zot

Skill      XL: |  1  2  3  4  5  6  7  8  9 |
---------------+----------------------------+-----
Fighting       | 4 5 6 |  6.7
Long Blades    | 3 4 5 6 7 9 |  9.3
Armour         | 4 5 6 |  6.1
Dodging        | 1 2 |  2.1
Shields        | 4 5 6 |  6.4
Invocations    | 4 6 |  6.0
Stealth        | |  0.7

Action                   |  1- 3 |  4- 6 |  7- 9 || total
-------------------------+-------+-------+-------++-------
Melee: Long sword        |   123 |   242 |   384 ||   749
Throw: Stone             |       |       |     2 ||     2
Invok: Recite            |       |       |     6 ||     6
  Use: Scroll            |       |    10 |     6 ||    16
       Potion            |       |     1 |     2 ||     3
 Stab: Confused          |       |       |     1 ||     1
  Eat: Chunk             |     1 |     8 |     5 ||    14
       Ration            |       |       |     2 ||     2
Armor: Scale mail        |    65 |    86 |       ||   151
       Chain mail        |       |     8 |    54 ||    62
       Plate armour      |       |       |   194 ||   194
Dodge: Dodged            |    46 |    66 |    67 ||   179
Block: Kite shield       |    73 |   107 |   193 ||   373
       Rpst.: Long sword |    12 |    21 |    23 ||    56
